 Dungeon Crawl Stone Soup version 0.23-a0-14-g8c9a20f (webtiles) character file.

270 Gorglomux the Shield-Bearer (level 6, -2/39 HPs)
             Began as a Gargoyle Fighter on Aug 2, 2018.
             Killed from afar by an orc wizard (11 damage)
             ... with a magic dart
             ... on level 3 of the Dungeon.
             The game lasted 00:00:58 (1633 turns).

Gorglomux the Shield-Bearer (Gargoyle Fighter)      Turns: 1633, Time: 00:00:59

Health: -2/39      AC: 11    Str: 26    XL:     6   Next: 22%
Magic:  6/6        EV:  8    Int:  9    God:
Gold:   88         SH: 10    Dex:  9    Spells: 5/5 levels left

rFire    . . .     SeeInvis .   a - +0 war axe
rCold    . . .     Gourm    .   c - +0 shield
rNeg     + . .     Faith    .   b - +0 scale mail
rPois    ∞         Spirit   .   (no helmet)
rElec    +         Reflect  .   (no cloak)
rCorr    .         Harm     .   (no gloves)
MR       .....                  (no boots)
Stlth    ..........             (no amulet)
HPRegen  0.13/turn              (no ring)
MPRegen  0.10/turn              (no ring)

@: mighty, slowed, very slow
A: negative energy resistance 1, electricity resistance, unbreathing,
petrification resistance, rot immunity, AC +4
a: no special abilities


You were on level 3 of the Dungeon.
You were hungry.

You visited 1 branch of the dungeon, and saw 3 of its levels.

You collected 88 gold pieces.

Inventory:

Hand Weapons
 a - a +0 war axe (weapon)
Armour
 b - a +0 scale mail (worn)
 c - a +0 shield (worn)
Scrolls
 h - 3 scrolls of remove curse {unknown}
 l - a scroll of amnesia {unknown}
 n - 3 scrolls of identify {unknown}
Potions
 i - 2 potions of curing {unknown}
 j - a potion of resistance {unknown}
 m - a potion of degeneration {unknown}
 o - a potion of heal wounds {unknown}
Comestibles
 f - 4 rations


   Skills:
 + Level 4.6 Fighting
 + Level 3.2 Axes
 + Level 4.6 Armour
 + Level 4.7 Shields


You had 5 spell levels left.
You didn't know any spells.
Your spell library was empty.

Dungeon Overview and Level Annotations

Branches:
Dungeon (3/15)

Altars:
Trog


Innate Abilities, Weirdness & Mutations

You are resistant to torment.
Your stone body is resilient. (AC +4)
You are immune to poison.
You resist negative energy. (rN+)
You are resistant to electric shocks. (rElec)
You can survive without breathing.
You are immune to petrification.
You are immune to rotting.


Message History

You open the orc wizard but do no damage!
The orc wizard hits you but does no damage!
The orc wizard casts a spell!
The orc wizard blinks!!!
You block the orc wizard's attack!
The orc wizard gestures wildly while chanting!
The orc wizard blinks!!!
You closely miss the orc wizard!
The orc wizard is heavily butt!
You miss the orc wizard!
The orc priest calls down the wrath of Beogh upon you!
Beogh smites you!!! * * * don't die
* * * The orc wizard barely misses you!
The orc wizard casts a spell at you!
You feel yourself slow down!
You feel very mighty all of a sudden!
The orc wizard hits you but does no damage!
The orc wizard casts a spell at you! The magic dart hits you!!! butt

... ... #.# ... #.# #.#
.. #.# ##.### .. #.#
....# .
#.#########.#.#l# #.
####...........#.#l#....
.$((().........o.oog..#
...............?@#
###..............#
#..............#
#####..........#
#..........#
############


You could see an orc priest, 2 orc wizards, a goblin and 2 frilled lizards.

Vanquished Creatures
  4 wights (D:3)
  An orc priest (D:3)
  4 adders
  2 worms (D:2)
  A leopard gecko (D:3)
  2 orcs (D:3)
  3 giant cockroaches
  A goblin (D:2)
  5 hobgoblins
  2 jackals (D:2)
  5 kobolds
  A quokka (D:2)
  3 bats
  A rat (D:1)
35 creatures vanquished.

Notes
Turn   | Place    | Note
-------+----------+-------------------------------------------
     0 | D:1      | Gorglomux the Gargoyle Fighter began the quest for the Orb.
     0 | D:1      | Reached XP level 1. HP: 14/14 MP: 1/1
   210 | D:2      | Found a bloodstained altar of Trog.
   276 | D:2      | Reached XP level 2. HP: 13/19 MP: 2/2
   372 | D:2      | Reached XP level 3. HP: 17/23 MP: 3/3
  1039 | D:3      | Reached XP level 4. HP: 28/29 MP: 4/4
  1247 | D:3      | Reached XP level 5. HP: 31/33 MP: 5/5
  1366 | D:3      | Reached skill level 3 in Axes
  1366 | D:3      | Reached XP level 6. HP: 30/39 MP: 6/6
  1633 | D:3      | Killed from afar by an orc wizard

Vault maps used:
D:1:      evilmike_arrival_plus
D:2:      minmay_misc_feat_x, minmay_misc_feat_rugged, minivault_5, bloody_trog
D:3:      ebering_ghost_disaster_area, first_ration

Skill      XL: |  1  2  3  4  5 |
---------------+----------------+-----
Axes           | 2 3 |  3.2
Fighting       | 4 |  4.6
Armour         | 4 |  4.6
Shields        | 4 |  4.7

Action                   |  1- 3 |  4- 6 || total
-------------------------+-------+-------++-------
Melee: War axe           |    93 |    74 ||   167
  Use: Potion            |       |     1 ||     1
  Eat: Chunk             |     1 |     1 ||     2
Armor: Scale mail        |    60 |    31 ||    91
Dodge: Dodged            |    26 |    24 ||    50
Block: Shield            |    46 |    39 ||    85

Table legend:
 A = Spawn XP
 B = Non-spawn XP
 C = Spawn XP percentage of total XP
 D = Spawn monster count
 E = Non-spawn monster count
 F = Spawn count percentage of total count
 G = Total turns spent on level
                    A         B        C        D         E        F      G
               +---------+---------+-------+---------+---------+-------+---------
         Total |       0 |     386 |   0.0 |       0 |      35 |   0.0 |  1633
               +---------+---------+-------+---------+---------+-------+---------
           D:1 |       0 |       4 |   0.0 |       0 |       3 |   0.0 |   207
           D:2 |       0 |      75 |   0.0 |       0 |      18 |   0.0 |   826
           D:3 |       0 |     307 |   0.0 |       0 |      14 |   0.0 |   600
               +---------+---------+-------+---------+---------+-------+---------
